 Dungeon Crawl Stone Soup version 0.24-a0-208-g17bec22d17 (webtiles) character file.

Game seed: 2032113007256937125

4 Roikka the Sneak (level 1, 0/9 HPs)
             Began as a Spriggan Enchanter on Mar 29, 2019.
             Slain by a kobold
             ... wielding a +0 dagger
              (1 damage)
             ... on level 1 of the Dungeon.
             The game lasted 00:00:57 (74 turns).

Roikka the Sneak (Spriggan Enchanter)                 Turns: 74, Time: 00:00:58

Health: 0/9        AC:  2    Str:  4    XL:     1   Next: 50%
Magic:  5/5        EV: 18    Int: 16    God:
Gold:   0          SH:  0    Dex: 16    Spells: 4/5 levels left

rFire    . . .     SeeInvis +   a - +1 dagger
rCold    . . .     Gourm    .   (shield restricted)
rNeg     . . .     Faith    .   b - +0 robe
rPois    .         Spirit   .   (helmet restricted)
rElec    .         Reflect  .   (no cloak)
rCorr    .         Harm     .   (gloves unavailable)
MR       .....                  (boots unavailable)
Stlth    +++.......             (no amulet)
HPRegen  0.03/turn              (no ring)
MPRegen  0.09/turn              (no ring)

@: very quick
A: very small, unfitting armour, see invisible, herbivore, speed 3, slow
metabolism 2
a: no special abilities


You were on level 1 of the Dungeon.
You were not hungry.

You visited 1 branch of the dungeon, and saw 1 of its levels.

Inventory:

Hand Weapons
 a - a +1 dagger (weapon)
Armour
 b - a +0 robe (worn)
Comestibles
 d - a ration


   Skills:
 * Level 1.3 Short Blades
 + Level 3.0 Dodging
 + Level 4.5 Stealth
 + Level 2.7 Spellcasting
 + Level 3.7 Hexes


You had 4 spell levels left.
You knew the following spells:

 Your Spells              Type           Power        Failure   Level  Hunger
a - Corona                Hex            ##.....      4%          1    #......

Your spell library contained the following spells:

 Spells                   Type           Power        Failure   Level  Hunger
 Confuse                  Hex            ##......     13%         3    ###....
 Tukima's Dance           Hex            ##......     13%         3    ###....
 Ensorcelled Hibernation  Hex/Ice        #.....       14%         2    ##.....
 Dazzling Spray           Conj/Hex       #.....       26%         3    ###....


Dungeon Overview and Level Annotations

Branches:
Dungeon (1/15)

Altars:


Innate Abilities, Weirdness & Mutations

You are very small and have problems with some larger weapons.
You are too small for most types of armour.
You have supernaturally acute eyesight. (SInv)
You are a herbivore.
You cover ground extremely quickly.
You need to consume almost no food.


Message History

A kobold comes into view. It is wielding a +0 dagger.
You are too injured to fight recklessly!
You are too injured to fight recklessly!
You are too injured to fight recklessly!
The kobold shouts!
You hit the kobold.
The kobold is moderately wounded.
The kobold misses you.
You hit the kobold but do no damage.
The kobold is moderately wounded.
The kobold hits you with a +0 dagger.
* * * LOW HITPOINT WARNING * * *
You hit the kobold but do no damage.
The kobold is moderately wounded.
The kobold hits you with a +0 dagger.
* * * LOW HITPOINT WARNING * * *
You closely miss the kobold.
The kobold is moderately wounded.
The kobold hits you with a +0 dagger.
You die...

#........#............#
....#...#...#.........
#...#..#..#...#.
.#..#†.#†.#..#....#
..#..#.#)#.)#.....#
#...#.#.#.#g#...#..#
...##..#.#.#.#..##..g#
. ...##.#...#.##.....#
.%.....#...@.#.......#
.## ###...<.K.######.#
....#.....#.... .#
..##.#...#.##... #
..#.#.#.#.. #.
...#.#.#.#.#... ..#.. .
. [.#.. . .. .. . ..#.
... .. .. ...


You could see a hobgoblin and a kobold.

Vanquished Creatures
  A hobgoblin (D:1)
  A kobold (D:1)
  A frilled lizard (D:1)
  A rat (D:1)
4 creatures vanquished.

Notes
Turn   | Place    | Note
-------+----------+-------------------------------------------
     0 | D:1      | Roikka the Spriggan Enchanter began the quest for the Orb.
     0 | D:1      | Reached XP level 1. HP: 9/9 MP: 5/5
    74 | D:1      | Slain by a kobold

Levels and vault maps discovered:
D:1:      minmay_arrival_radiant_lines, layout_loops_ring

Action                   || total
-------------------------++-------
Melee: Dagger            ||    26
 Cast: Corona            ||     2
 Stab: Sleeping          ||     1
Armor: Robe              ||     2
Dodge: Dodged            ||    12

Table legend:
 A = Non-vault XP
 B = Vault XP
 C = Vault XP percentage of total XP
 D = Non-vault monster count
 E = Vault monster count
 F = Vault count percentage of total count
                 A         B        C        D         E       F
            +---------+---------+-------+---------+---------+-------
      Total |       6 |       0 |   0.0 |       4 |       0 |   0.0
            +---------+---------+-------+---------+---------+-------
        D:1 |       6 |       0 |   0.0 |       4 |       0 |   0.0
            +---------+---------+-------+---------+---------+-------
